 Dungeon Crawl Stone Soup version 0.18.1-48-g4cf74bf (webtiles) character file.

2736 Joat the Skirmisher (level 9, 0/72 HPs)
             Began as a Mummy Fighter on Aug 7, 2016.
             Was an Initiate of Gozag.
             Slain by a killer bee (3 damage)
             ... on level 7 of the Dungeon.
             The game lasted 00:45:08 (6823 turns).

Joat the Skirmisher (Mummy Fighter)                 Turns: 6823, Time: 00:45:09

Health: 0/72       AC: 13    Str: 20    XL:     9   Next: 40%
Magic:  9/9        EV:  5    Int: 10    God:    Gozag
Gold:   414        SH: 12    Dex: 11    Spells: 0 memorised, 8 levels left

rFire  x . .     SeeInvis .     m - +1 war axe (vamp)
rCold  + . .     Gourm    .     r - +0 chain mail
rNeg   + + +     Faith    .     c - +2 shield
rPois  ∞         Spirit   .     g - +2 helmet
rElec  .         Dismiss  .     (no cloak)
rCorr  .         Reflect  .     (no gloves)
SustAt .         Harm     .     (no boots)
MR     +....                    (no amulet)
Stlth  ..........               (no ring)
                                (no ring)

@: somewhat resistant to hostile enchantments, extremely unstealthy
A: no food or potions, fire vulnerability, cold resistance 1, negative energy
resistance 3, torment resistance, unbreathing
a: Potion Petition, Call Merchant, Bribe Branch, Renounce Religion


You were on level 7 of the Dungeon.
You worshipped Gozag.
Gozag was noncommittal.
You were not hungry.

You visited 2 branches of the dungeon, and saw 8 of its levels.

You collected 460 gold pieces.
You paid 46 gold pieces to Gozag.

Inventory:

Hand Weapons
 m - a +1 vampiric war axe (weapon)
Missiles
 j - 5 poisoned javelins (quivered)
 q - 2 throwing nets
Armour
 b - a +0 scale mail
 c - a +2 shield (worn)
 g - a +2 helmet (worn)
 r - a +0 chain mail (worn)
 s - a +0 leather armour of fire resistance
Magical Staves
 o - an uncursed staff of death
Wands
 a - a wand of iceblast (2/15)
 e - a wand of slowing (23/48)
Scrolls
 d - 2 scrolls of teleportation
 f - a scroll of blinking {unknown}
 h - 4 scrolls of remove curse
 i - a scroll of immolation
 k - a scroll of magic mapping {unknown}
 l - 2 scrolls of fog {unknown}
 n - a scroll of noise {unknown}
 p - a scroll of identify
 t - a scroll of recharging {unknown}
Books
 u - a book of Necromancy

   Spells                             Type                      Level
   a - Pain                           Necromancy                   1
   b - Animate Skeleton               Necromancy                   1
   c - Vampiric Draining              Necromancy                   3
   d - Regeneration                   Charms/Necromancy            3
   e - Animate Dead                   Necromancy                   4
   f - Control Undead                 Necromancy                   4


   Skills:
 + Level 7.0 Fighting
 * Level 6.1 Axes
 + Level 5.7 Armour
 + Level 5.8 Shields


You had 8 spell levels left.
You didn't know any spells.

Dungeon Overview and Level Annotations

Branches:
Dungeon (7/15)             Temple (1/1) D:6

Altars:
Ashenzari
Fedhas
Gozag
Kikubaaqudgha
Makhleb
Nemelex Xobeh
Okawaru
Pakellas
Ru
Sif Muna
Trog
Yredelemnul
The Shining One


Innate Abilities, Weirdness & Mutations

You do not eat or drink.
Your flesh is vulnerable to fire.
You are immune to poison.
Your flesh is cold resistant.
You are immune to negative energy.
You are immune to unholy pain and torment.
You can survive without breathing.


Message History

The killer bee is lightly wounded.
You block the killer bee's attack. x2
You miss the killer bee.
The killer bee is lightly wounded.
The killer bee stings you.
* * * LOW HITPOINT WARNING * * *
You block the killer bee's attack. x2
You closely miss the killer bee.
The killer bee is lightly wounded.
The killer bee stings you!
* * * LOW HITPOINT WARNING * * *
You block the killer bee's attack. The killer bee barely misses you.
You block the killer bee's attack. The killer bee barely misses you.
The killer bee stings you but does no damage.
You barely miss the killer bee. The killer bee stings you.
* * * LOW HITPOINT WARNING * * *
The killer bee stings you.
You die...
Your body crumbles into a pile of gold.

.....# ....y.. .###.# ##.#...# .#
#.# #......#.# .###.# #.........
.....# ###$# #.#.# ##.### #.#<#
#.#.# ##.####### #.#.####.#.##
##.......#####.>y........## . .
########.#......@.........#.... #
#.#.##....................
########....##............#......
........^...##...................
########....##.!......#.###......
# #.######.......### #..(... #
#....# ##.#.#..#####.##..# #
####.# #............#...# #
#########.######.#.......<..#.#


You could see a killer bee.

Vanquished Creatures
  Menkaure (D:7)
  An ice beast (D:6)
  2 sky beasts
  3 ogres
  3 phantoms
  A black bear (D:6)
  A centaur (D:7)
  2 giant frogs (D:6)
  A gnoll sergeant (D:5)
  2 scorpions
  5 killer bees
  2 howler monkeys (D:6)
  4 crimson imps
  The ghost of Nahar the Firebug, a weakling DEFE (D:4)
  7 hounds
  A giant frog zombie (D:7)
  2 orc wizards (D:5)
  A giant frog skeleton (D:7)
  An iguana (D:4)
  A jelly (D:5)
  6 orc priests
  2 worker ants
  A killer bee zombie (D:5)
  11 gnolls
  8 adders
  2 adder skeletons
  A worm (D:4)
  A dart slug (D:2)
  4 giant geckos
  20 orcs
  7 bats
  4 giant cockroaches
  5 goblins
  6 hobgoblins
  5 jackals
  5 quokkas
  2 ball pythons
  A giant gecko skeleton (D:6)
  2 giant newts
  A jackal zombie (D:5)
  10 kobolds
  A quokka skeleton (D:6)
  A quokka zombie (D:6)
  4 rats
152 creatures vanquished.

Notes
Turn   | Place    | Note
--------------------------------------------------------------
     0 | D:1      | Joat the Mummy Fighter began the quest for the Orb.
     0 | D:1      | Reached XP level 1. HP: 18/18 MP: 1/1
   124 | D:1      | Reached XP level 2. HP: 20/24 MP: 2/2
   733 | D:2      | Found a bloodstained altar of Trog.
   856 | D:2      | Found a shattered altar of Ashenzari.
   883 | D:2      | Reached XP level 3. HP: 29/29 MP: 3/3
  1145 | D:2      | Found a sacrificial altar of Ru.
  1584 | D:3      | Reached XP level 4. HP: 36/37 MP: 4/4
  1807 | D:3      | Reached skill level 4 in Fighting
  2653 | D:4      | Noticed Nahar's ghost (weakling DEFE)
  2668 | D:4      | Killed Nahar's ghost
  2668 | D:4      | Reached XP level 5. HP: 24/42 MP: 5/5
  2906 | D:4      | Found an ancient bone altar of Kikubaaqudgha.
  3466 | D:4      | Reached XP level 6. HP: 49/49 MP: 6/6
  3826 | D:5      | Entered Level 5 of the Dungeon
  4471 | D:5      | Reached XP level 7. HP: 55/55 MP: 7/7
  4526 | D:5      | Reached skill level 5 in Fighting
  4944 | D:5      | Reached XP level 8. HP: 64/64 MP: 8/8
  5009 | D:5      | Found a deep blue altar of Sif Muna.
  5230 | D:6      | Found a staircase to the Ecumenical Temple.
  5237 | Temple   | Entered the Ecumenical Temple
  5282 | Temple   | Became a worshipper of Gozag Ym Sagoz the Greedy
  5499 | D:6      | Reached skill level 6 in Fighting
  5597 | D:6      | Reached skill level 5 in Armour
  5618 | D:6      | Found an iron altar of Okawaru.
  5674 | D:6      | Reached skill level 5 in Shields
  5769 | D:6      | Reached skill level 5 in Axes
  5777 | D:6      | Found a sparkling altar of Nemelex Xobeh.
  5981 | D:6      | Reached XP level 9. HP: 43/71 MP: 9/9
  6631 | D:7      | Noticed Menkaure
  6641 | D:7      | Killed Menkaure
  6806 | D:7      | Reached skill level 7 in Fighting
  6819 | D:7      | HP: 3/72 [killer bee (7)]
  6823 | D:7      | Slain by a killer bee

Skill      XL: |  1  2  3  4  5  6  7  8  9 |
---------------+----------------------------+-----
Axes           | 2 3 5 6 |  6.1
Shields        | 3 4 5 |  5.8
Armour         | 3 4 5 |  5.7
Fighting       | 4 5 6 7 |  7.0

Action                   |  1- 3 |  4- 6 |  7- 9 || total
-------------------------+-------+-------+-------++-------
Melee: War axe           |   132 |   231 |   441 ||   804
Throw: Javelin           |       |       |     2 ||     2
Evoke: Wand              |       |     1 |       ||     1
  Use: Scroll            |       |     6 |     3 ||     9
 Stab: Distracted        |       |       |     1 ||     1
Armor: Scale mail        |    74 |   115 |   140 ||   329
       Chain mail        |       |       |    86 ||    86
Dodge: Dodged            |    49 |    64 |   102 ||   215
Block: Shield            |    76 |   123 |   311 ||   510
